 Dungeon Crawl Stone Soup version 0.20.1-1-g8b1a95d (webtiles) character file.

560 Ijustatesigmund the Sneak (level 7, -5/44 HPs)
             Began as a Kobold Assassin on Sept 14, 2017.
             Slain by a jumping spider (8 damage)
             ... on level 4 of the Dungeon.
             The game lasted 00:12:58 (3725 turns).

Ijustatesigmund the Sneak (Kobold Assassin)         Turns: 3725, Time: 00:12:59

Health: -5/44      AC: 12    Str:  8 (9)  XL:     7   Next: 57%
Magic:  7/7        EV: 16    Int: 10 (13) God:
Gold:   154        SH:  0    Dex: 14 (17) Spells: 6/6 levels left

rFire    + . .     SeeInvis .   t - +1 dagger (protect)
rCold    . . .     Gourm    .   (shield restricted)
rNeg     . . .     Faith    .   c - +0 leather armour
rPois    .         Spirit   .   (no helmet)
rElec    .         Reflect  .   d - +1 cloak
rCorr    .         Harm     .   (no gloves)
MR       +....                  (no boots)
Stlth    +++.......             (no amulet)
Regen    0.2/turn               h - ring of protection from fire
MPRegen  0.1/turn               r - ring of protection from magic

@: protection aura
A: carnivore 3
a: no special abilities


You were on level 4 of the Dungeon.
You were very full.

You visited 1 branch of the dungeon, and saw 6 of its levels.

You collected 154 gold pieces.

Inventory:

Hand Weapons
 a - a +2 dagger
 b - a +0 blowgun
 j - a +1 dagger of electrocution
 t - a +1 dagger of protection (weapon)
Missiles
 i - 6 tomahawks (quivered)
 l - a throwing net
Armour
 c - a +0 leather armour (worn)
 d - a +1 cloak (worn)
Jewellery
 h - a ring of protection from fire (left hand)
 r - a ring of protection from magic (right hand)
Wands
 o - a wand of polymorph (1/24)
Potions
 m - a potion of brilliance
 p - a potion of lignification
Comestibles
 g - a meat ration
 k - 2 royal jellies


   Skills:
 - Level 4.6 Fighting
 - Level 5.4 Short Blades
 - Level 2.1 Throwing
 + Level 5.1 Dodging
 - Level 7.1 Stealth


You had 6 spell levels left.
You didn't know any spells.

Dungeon Overview and Level Annotations

Branches:
Dungeon (6/15)
 Temple: D:4-7

Altars:


Innate Abilities, Weirdness & Mutations

You are small and have problems with some larger weapons.
You are carnivorous and can eat meat at any time.


Message History

The troll evaporates and reforms as a jumping spider!
Evoking this partially-identified wand wasted a few charges.
The jumping spider pounces on you but does no damage.
The jumping spider bites you but does no damage.
You hit the jumping spider but do no damage.
The jumping spider barely misses you. The jumping spider misses you.
You barely miss the jumping spider. The jumping spider misses you.
The jumping spider bites you but does no damage.
You hit the jumping spider but do no damage.
The jumping spider pounces on you!
* * * LOW HITPOINT WARNING * * *
The jumping spider bites you but does no damage.
You barely miss the jumping spider. The jumping spider closely misses you.
The jumping spider completely misses you.
You barely miss the jumping spider. The jumping spider pounces on you.
* * * LOW HITPOINT WARNING * * *
You are caught in a web!
The jumping spider barely misses you.
The web tears apart.
The jumping spider misses you. The jumping spider closely misses you.
The jumping spider pounces on you!
You die...

######## # ###......##
#####...####..#
......### ##.##
....### #..### .....#
##...# .....#
*###@#**** .....#
#...s....#
...(.###****#........#
.)......,,,..........#
(.......,*###........#
...).###,* #........#
#.(..##*,* ##########
#.....##,***
....#.##...######


You could see a jumping spider.

Vanquished Creatures
  An ogre (D:4)
  The ghost of ThereIsNoGod the Sneak, an amateur OpAs (D:3)
  A scorpion (D:4)
  A howler monkey (D:4)
  Crazy Yiuf (D:2)
  3 orc wizards
  Natasha (twice) (D:4)
  3 gnolls (D:2)
  2 adders
  2 oozes (D:3)
  5 dart slugs
  9 orcs
  A ball python (D:3)
  8 bats
  3 giant cockroaches
  10 goblins
  8 hobgoblins
  4 jackals
  2 quokkas
  4 frilled lizards
  A jackal skeleton (D:4)
  6 kobolds
  5 rats
  A fungus (D:2)
84 creatures vanquished.

Notes
Turn   | Place    | Note
-------+----------+-------------------------------------------
     0 | D:1      | Ijustatesigmund the Kobold Assassin began the quest for the Orb.
     0 | D:1      | Reached XP level 1. HP: 12/12 MP: 1/1
   393 | D:1      | Reached XP level 2. HP: 18/18 MP: 2/2
   858 | D:1      | Reached XP level 3. HP: 19/22 MP: 3/3
  1180 | D:2      | Reached XP level 4. HP: 21/28 MP: 4/4
  1913 | D:2      | Found a runed door.
  1918 | D:2      | Noticed Crazy Yiuf
  1967 | D:2      | Killed Crazy Yiuf
  1967 | D:2      | Reached skill level 6 in Stealth
  1967 | D:2      | Reached XP level 5. HP: 33/33 MP: 5/5
  2376 | D:3      | Noticed ThereIsNoGod's ghost (amateur OpAs)
  2389 | D:3      | Killed ThereIsNoGod's ghost
  2389 | D:3      | Reached skill level 5 in Short Blades
  2389 | D:3      | Reached XP level 6. HP: 37/39 MP: 6/6
  2599 | D:3      | Found a faded altar of an unknown god.
  2680 | D:3      | Reached skill level 7 in Stealth
  3117 | D:4      | Reached XP level 7. HP: 44/44 MP: 7/7
  3121 | D:5      | Entered Level 5 of the Dungeon
  3164 | D:4      | Noticed Natasha
  3175 | D:4      | Killed Natasha
  3194 | D:4      | Noticed Natasha
  3217 | D:4      | Killed Natasha
  3639 | D:4      | Reached skill level 5 in Dodging
  3696 | D:4      | Noticed a troll
  3719 | D:4      | Noticed a jumping spider
  3719 | D:4      | a troll changed into a jumping spider
  3725 | D:4      | Slain by a jumping spider

Skill      XL: |  1  2  3  4  5  6  7 |
---------------+----------------------+-----
Short Blades   | 3 4 5 |  5.4
Fighting       | 3 4 |  4.6
Stealth        | 6 7 |  7.1
Dodging        | 3 5 |  5.1
Throwing       | |  2.1

Action                   |  1- 3 |  4- 6 |  7- 9 || total
-------------------------+-------+-------+-------++-------
Melee: Dagger            |    83 |   111 |    72 ||   266
 Fire: Blowgun           |       |     4 |     8 ||    12
Throw: Tomahawk          |     2 |     1 |       ||     3
Evoke: Wand              |       |       |     1 ||     1
  Use: Scroll            |     7 |     3 |     1 ||    11
       Potion            |     1 |     1 |     4 ||     6
 Stab: Sleeping          |    12 |     7 |     1 ||    20
       Distracted        |       |     2 |       ||     2
  Eat: Chunk             |     9 |     6 |       ||    15
Armor: Robe              |     5 |       |       ||     5
       Leather armour    |    15 |    33 |    12 ||    60
       Skin              |       |       |    25 ||    25
Dodge: Dodged            |    48 |    62 |    40 ||   150
